Map: Terraform LE (Void)

Players

DRASOR - Winner!

  • Race: Zerg Zerg
  • League: Platinum

DestroyBoy

  • Race: Terran Terran
  • League: Platinum

VOD

Have the link to the VOD?

Description

Time

  • Played on: Sept. 2, 2015, 1:06 a.m.
  • Length: 13:34
Show
View Real Time Build Order
Export as new Build Order

DRASOR Zerg - Winner!

Build Orders: Hatch First, Muta Ling Bane 

Get SALT Encoding   

  12  0:02  Drone  
  13  0:09  Drone  
  14  0:17  Overlord  
  14  0:23  Extractor  
  14  0:24  Drone  
  15  0:35  Drone x2  
  17  1:00  Hatchery  
  17  1:02  Drone  
  17  1:21  Extractor  
  17  1:24  Spawning Pool  
  17  1:25  Drone x3  
  18  1:48  Drone  
  18  1:49  Drone  
  20  2:06  Drone  
  21  2:13  Drone  
  21  2:14  Queen  
  21  2:15  Queen  
  24  2:16  Overlord  
  24  2:20  Drone  
  27  2:30  Roach Warren  
  27  2:36  Drone  
  27  2:37  Drone  
  27  2:39  Zergling x2  
  27  2:43  Drone  
  30  2:50  Drone, Queen  
  33  3:04  Overlord  
  33  3:08  Drone  
  33  3:09  Drone  
  33  3:10  Drone  
  36  3:17  Metabolic Boost  
  36  3:29  Queen  
  36  3:32  Roach x3  
  44  3:51  Overlord  
  44  3:52  Overlord  
  44  4:06  Hatchery  
  43  4:12  Roach x4  
  43  4:15  Drone  
  52  4:20  Lair  
  52  4:21  Drone  
  52  4:23  Zergling x6  
  50  5:01  Overlord x3  
  50  5:02  Drone x7  
  57  5:14  Zergling x2  
  57  5:15  Zergling x2  
  59  5:21  Hatchery  
  59  5:22  Extractor  
  59  5:23  Spire  
  59  5:24  Extractor  
  59  5:26  Zergling x4, Extractor  
  52  5:42  Zergling x8  
  50  5:53  Queen  
  50  5:54  Zergling x4  
  51  6:11  Drone x6  
  50  6:28  Drone x5  
  50  6:32  Queen  
  57  6:41  Mutalisk x2  
  57  6:43  Overlord x3  
  57  6:44  Overlord  
  61  6:49  Queen  
  61  6:54  Queen  
  61  6:56  Drone  
  61  6:57  Drone x4  
  65  7:09  Mutalisk x3  
  71  7:18  Drone x4  
  71  7:19  Drone  
  76  7:29  Mutalisk x2  
  76  7:34  Zergling x4  
  76  7:35  Zergling x8  
  86  7:44  Drone  
  86  7:45  Drone x2  
  86  7:47  Evolution Chamber, Glial Reconstitution  
  86  7:48  Evolution Chamber  
  87  7:55  Baneling Nest  
  86  7:59  Mutalisk  
  87  8:08  Drone x13  
  87  8:10  Extractor  
  87  8:11  Extractor  
  98  8:22  Mutalisk x2  
  98  8:23  Mutalisk  
  102  8:44  Centrifical Hooks  
  102  8:53  Hatchery  
  102  8:54  Zergling x4  
  102  8:55  Zergling x12  
  109  8:56  Overlord  
  109  9:10  Mutalisk x4  
  109  9:11  Mutalisk  
  109  9:12  Overlord x5  
  119  9:21  Zergling x2  
  119  9:22  Zergling x14  
  127  9:29  Baneling x3  
  127  9:30  Baneling x6  
  127  9:31  Baneling  
  125  9:52  Mutalisk x2  
  125  9:53  Mutalisk  
  125  9:54  Zergling x2  
  125  9:55  Zergling x22  
  143  10:02  Overseer  
  143  10:06  Drone  
  144  10:09  Baneling  
  144  10:10  Baneling x16  
  144  10:32  Roach x11  
  137  11:02  Zergling x28  
  142  11:14  Zergling x6  
  142  11:15  Zergling x14  
  142  11:18  Drone  
  150  11:22  Zerg Ground Armor Level 1, Zerg Melee Weapons Level 1  
  146  11:57  Mutalisk x6  
  158  12:06  Ravager  
  158  12:07  Baneling  
  158  12:08  Baneling x8  
  157  12:11  Pneumatized Carapace  
  157  12:19  Overseer  
  150  12:36  Zergling x28  
  150  12:37  Zergling x8  
  157  12:43  Zergling x2  
  155  12:44  Zergling x14  
  155  12:46  Overlord x2  
  155  12:47  Overlord  
  155  12:56  Zergling x14  
Show
View Real Time Build Order
Export as new Build Order

DestroyBoy Terran 

Build Orders: MMM Bio, Siege Tank Drop 

Get SALT Encoding   

  12  0:01  SCV  
  13  0:15  SCV  
  13  0:19  Supply Depot  
  14  0:27  SCV  
  15  0:31  Refinery  
  15  0:41  SCV  
  16  0:46  Barracks  
  16  0:53  SCV  
  17  1:05  SCV  
  18  1:18  SCV  
  19  1:30  SCV  
  20  1:36  Marine  
  21  1:40  Factory  
  21  1:44  SCV  
  22  1:49  Refinery  
  22  1:53  Supply Depot  
  22  1:54  Reaper  
  23  2:03  Orbital Command  
  23  2:25  Factory Tech Lab  
  23  2:32  Starport  
  23  2:34  Marine  
  24  2:42  SCV  
  25  2:52  Supply Depot  
  25  2:54  SCV, Marine  
  27  2:59  Siege Tank  
  30  3:06  Bunker  
  30  3:12  SCV  
  31  3:13  Medivac  
  31  3:14  Marine  
  34  3:28  SCV  
  34  3:34  Marine  
  35  3:35  Siege Tank  
  38  3:54  Marine  
  39  3:56  Supply Depot  
  39  4:03  Medivac  
  39  4:08  SCV  
  42  4:26  SCV  
  42  4:27  Siege Tank, Marine  
  47  4:45  SCV  
  48  4:57  SCV  
  49  5:07  Starport Reactor  
  49  5:12  SCV, Barracks  
  50  5:15  Factory Reactor  
  50  5:19  Command Center, Stimpack, Marine  
  50  5:20  Barracks  
  51  5:25  SCV  
  52  5:47  SCV  
  53  5:59  SCV  
  53  6:01  Command Center  
  53  6:02  Marine  
  55  6:05  Starport Reactor  
  55  6:06  Factory Reactor  
  55  6:30  SCV, Marauder  
  55  6:42  SCV  
  56  6:51  Marine  
  57  6:54  SCV  
  57  6:57  Marine  
  57  6:58  Marine x2  
  57  6:59  Medivac x2  
  65  7:06  SCV, Widow Mine x2  
  70  7:09  Marine  
  71  7:19  SCV  
  71  7:20  Marine x4  
  76  7:24  Orbital Command  
  76  7:26  Liberator  
  76  7:27  Marine  
  77  7:31  SCV  
  77  7:32  Engineering Bay x2  
  78  7:38  Marine x2  
  78  7:39  Marine x2  
  78  7:43  SCV  
  86  7:53  Supply Depot  
  86  7:55  SCV, Supply Depot  
  87  8:03  Terran Infantry Weapons Level 1, Terran Infantry Armor Level 1  
  87  8:07  SCV  
  87  8:11  Marine x4  
  87  8:12  Marine  
  93  8:18  Armory  
  93  8:26  Combat Shields  
  93  8:28  SCV x2  
  93  8:33  Marauder, Marine x2  
  99  8:39  Missile Turret  
  99  8:45  SCV  
  99  8:46  SCV  
  101  8:49  Planetary Fortress  
  101  8:52  Marine x2  
  103  9:01  SCV x2  
  105  9:05  Refinery  
  105  9:07  Refinery  
  105  9:11  Marauder, Marine  
  105  9:13  SCV  
  109  9:17  SCV  
  109  9:29  Widow Mine x2, Marine x4  
  117  9:31  Medivac  
  117  9:33  Medivac, Marauder  
  123  9:44  SCV  
  123  9:46  SCV x2  
  125  9:54  Marine x2  
  125  9:55  Marine x2  
  125  9:56  Supply Depot, SCV  
  125  9:57  Supply Depot  
  125  9:58  SCV x2  
  132  10:00  Supply Depot, Terran Infantry Weapons Level 2  
  132  10:08  SCV  
  132  10:10  SCV  
  133  10:15  Refinery  
  133  10:16  Refinery  
  125  10:25  SCV x3  
  125  10:30  Missile Turret  
  125  10:31  Marauder, Marine x2  
  129  10:36  Missile Turret  
  129  10:37  SCV x2  
  96  11:12  SCV x3  
  96  11:15  Marine x3  
  96  11:16  Marauder, Widow Mine x2, Medivac, Marine  
  96  11:17  Medivac  
  113  11:24  Supply Depot, SCV x2  
  113  11:25  SCV  
  110  11:33  Marine x4  
  110  11:36  SCV  
  110  11:37  Marine  
  110  11:45  Missile Turret  
  107  11:51  SCV x2, Marine x4  
  109  11:55  Marine  
  102  12:08  Marine  
  102  12:09  Marine x3  
  102  12:11  SCV  
  102  12:13  Marauder  
  109  12:20  SCV x2  
  111  12:23  SCV  
  111  12:26  Marine  
  111  12:27  Marine x2  
  94  12:49  Marauder, Marine x3  
  94  12:50  Marine  
  63  13:07  Marine x4  
  63  13:11  Marauder  
Tags
 
Add a new tag
Caveats
  • Supply blocks, unpowered buildings, or Contaminate may cause inaccurate times.
  • Supply counts are checked every 10 seconds.